 Dungeon Crawl Stone Soup version 0.30-a0-166-g5d06c95188 (webtiles) character file.

Game seed: 6882874262847687930

188 qw the Chopper (level 5, 0/32 HPs)
             Began as a Gargoyle Fighter on Sept 29, 2022.
             Slain by a gnoll
             ... wielding a +2 flail of protection
              (6 damage)
             ... on level 3 of the Dungeon.
             The game lasted 00:01:00 (2875 turns).

qw the Chopper (Gargoyle Fighter)                   Turns: 2875, Time: 00:01:01

Health: 0/32       AC: 14    Str: 21    XL:     5   Next: 67%
Magic:  5/5        EV:  7    Int:  9    God:
Gold:   131        SH:  4    Dex:  9    Spells: 4/4 levels left

rFire   . . .      SeeInvis .    Y - +0 war axe
rCold   . . .      Faith    .    c - +0 buckler
rNeg    + . .      Spirit   .    g - +0 chain mail
rPois   inf        Reflect  .    j - +0 helmet
rElec   +          Harm     .    (no cloak)
rCorr   .          Rampage  .    (no gloves)
Will    .....                    (no boots)
Stlth   ..........               (no amulet)
HPRegen 0.10/turn                (no ring)
MPRegen 0.09/turn                (no ring)

@: no status effects
A: sickness immunity, AC +4, negative energy resistance 1, electricity
resistance, torment resistance 1, petrification resistance
a: no special abilities


You were on level 3 of the Dungeon.
You visited 1 branch of the dungeon, and saw 3 of its levels.

You collected 131 gold pieces.


Innate Abilities, Weirdness & Mutations

You are immune to sickness and miasma.
Your stone body is resilient. (AC +4)
You are immune to poison.
You resist negative energy. (rN+)
You are resistant to electric shocks. (rElec)
You are resistant to unholy torment.
You are immune to petrification.


   Skills:
 + Level 3.2 Fighting
 - Level 5.0 Axes
 - Level 1.0 Throwing
 - Level 3.2 Armour
 - Level 3.2 Shields


You had 4 spell levels left.
You didn't know any spells.
Your spell library was empty.

Inventory:

Hand Weapons
 k - a +1 morningstar of protection
 Y - a +0 war axe (weapon)
Missiles
 f - 4 javelins (quivered)
Armour
 c - a +0 buckler (worn)
 g - a +0 chain mail (worn)
 j - a +0 helmet (worn)
Scrolls
 a - a scroll of immolation {unknown}
 b - 2 scrolls of identify
Potions
 d - 2 potions of might
 e - a potion of attraction
 i - 2 potions of mutation {unknown}
 l - a potion of curing {unknown}

Dungeon Overview and Level Annotations

Branches:
Dungeon (3/15)

Altars:


Message History

You closely miss the hound. You hit the bush but do no damage. x2
The hound bites you. The hound bites you but does no damage.
You miss the hound. You hit the bush but do no damage. x2
The hound bites you but does no damage. x2
You barely miss the hound. You hit the bush but do no damage. You hit the bush.
The hound bites you. x2
You completely miss the hound. You hit the bush but do no damage. x2
The hound bites you but does no damage. The hound barely misses you.
You miss the hound. You slash the bush! You hit the bush but do no damage.
The hound bites you but does no damage. The hound closely misses you.
You barely miss the hound. You hit the bush but do no damage. x2
The hound bites you but does no damage.
You slash the hound!
The hound is severely wounded.
You hit the bush but do no damage. You hit the bush.
The hound stops to sniff the ground.
The hound closely misses you. The hound bites you but does no damage.
You closely miss the hound.
The hound is severely wounded.
You hit the bush but do no damage. x2
You block the hound's attack. The hound bites you but does no damage.
You closely miss the hound.
The hound is severely wounded.
You hit the bush but do no damage. x2
The hound closely misses you. The hound bites you but does no damage.
You slash the hound!
You kill the hound!
You hit the bush but do no damage. x2
The gnoll hits you with a +2 flail of protection!
You feel your intelligence returning.
Your Axes skill increases to level 5!
You barely miss the gnoll. You hit the bush but do no damage. x2
The gnoll hits you with a +2 flail of protection!
You hit the gnoll but do no damage. You hit the bush but do no damage. x2
The gnoll hits you with a +2 flail of protection.
You hit the gnoll but do no damage. You slash the bush!
You hit the bush but do no damage. You block the gnoll's attack.
The gnoll hits you with a +2 flail of protection.
You die...

#>..<##.###########
#....##............
###################
#### #..# #..#
##.P#+#+# #..@g...#
#..P#...# #...#
..### ######
#...#####.# #....<
#...##....# ##.####
###..#....# #..#
##......# #.##
#.#....# #.#
##.#....# #.#


You could see a gnoll.

Vanquished Creatures
  2 hounds (D:3)
  An iguana (D:3)
  3 adders
  2 worms
  2 dart slugs (D:1)
  5 orcs (D:3)
  6 endoplasms
  2 giant cockroaches
  3 goblins
  4 hobgoblins
  4 jackals (D:2)
  2 kobolds
  2 quokkas
  7 ball pythons
  3 bats
  5 frilled lizards
  8 rats
61 creatures vanquished.

Notes
Turn   | Place    | Note
-------+----------+-------------------------------------------
     0 | D:1      | qw the Gargoyle Fighter began the quest for the Orb.
     0 | D:1      | Reached XP level 1. HP: 14/14 MP: 1/1
     0 | D:1      | 0 ||| qw: Version: 0.2-a-12-gaebbb33
     0 | D:1      | 0 ||| qw: Game counter: 1056
     0 | D:1      | 0 ||| qw: Always use a shield: true
     0 | D:1      | 0 ||| qw: God list: Okawaru
     0 | D:1      | 0 ||| qw: Allow faded altars: false
     0 | D:1      | 0 ||| qw: Do Orc after D:15 true
     0 | D:1      | 0 ||| qw: Do second Lair branch before Depths: true
     0 | D:1      | 0 ||| qw: Lair rune preference: random
     0 | D:1      | 0 ||| qw: Plans: Normal, Zot:1-4, God:TSO, Crypt, Tomb,
                  | Pan, Slime:5, Hells, Abyss, Orb
     0 | D:1      | 0 ||| PLANNING D:1-11
    19 | D:1      | Reached skill level 2 in Axes
   121 | D:1      | Found a faded altar of an unknown god.
   125 | D:1      | 125 ||| Stepping ~*~*~tactically~*~*~ (hiding).
   135 | D:1      | Reached XP level 2. HP: 17/19 MP: 2/2
   408 | D:1      | 408 ||| Stepping ~*~*~tactically~*~*~ (stealth).
   744 | D:1      | 744 ||| UPGRADING to +0 helmet.
   749 | D:1      | 749 ||| READING scroll labelled GIUTHUA ETIAPA.
   750 | D:1      | 750 ||| READING scroll labelled CUCKIOMASM.
   751 | D:1      | 751 ||| DRINKING 2 amethyst potions.
   752 | D:1      | 752 ||| DRINKING 2 golden potions.
   753 | D:1      | 753 ||| DROPPING potion of degeneration.
   800 | D:2      | 800 ||| STAIRDANCE
   865 | D:2      | Reached skill level 3 in Axes
   865 | D:2      | 865 ||| STAIRDANCE
  1025 | D:2      | 1025 ||| Stepping ~*~*~tactically~*~*~ (stealth).
  1029 | D:2      | 1029 ||| Stepping ~*~*~tactically~*~*~ (stealth).
  1042 | D:2      | Reached XP level 3. HP: 17/23 MP: 3/3
  1334 | D:2      | 1334 ||| DROPPING +0 club.
  1341 | D:2      | 1341 ||| Stepping ~*~*~tactically~*~*~ (stealth).
  1342 | D:2      | 1342 ||| Stepping ~*~*~tactically~*~*~ (stealth).
  1357 | D:2      | 1357 ||| Stepping ~*~*~tactically~*~*~ (stealth).
  1360 | D:2      | 1360 ||| Stepping ~*~*~tactically~*~*~ (stealth).
  1390 | D:2      | 1390 ||| FLEEEEING.
  1391 | D:2      | 1391 ||| FLEEEEING.
  1392 | D:2      | 1392 ||| FLEEEEING.
  1393 | D:2      | 1393 ||| FLEEEEING.
  1394 | D:2      | 1394 ||| FLEEEEING.
  1395 | D:2      | 1395 ||| FLEEEEING.
  1396 | D:2      | 1396 ||| FLEEEEING.
  1398 | D:2      | 1398 ||| FLEEEEING.
  1399 | D:2      | 1399 ||| FLEEEEING.
  1405 | D:2      | 1405 ||| FLEEEEING.
  1406 | D:2      | 1406 ||| FLEEEEING.
  1410 | D:2      | 1410 ||| FLEEEEING.
  1411 | D:2      | 1411 ||| FLEEEEING.
  1412 | D:2      | 1412 ||| FLEEEEING.
  1423 | D:2      | 1423 ||| FLEEEEING.
  1424 | D:2      | 1424 ||| FLEEEEING.
  1425 | D:2      | 1425 ||| FLEEEEING.
  1426 | D:2      | 1426 ||| FLEEEEING.
  1427 | D:2      | 1427 ||| FLEEEEING.
  1428 | D:2      | 1428 ||| FLEEEEING.
  1437 | D:2      | 1437 ||| FLEEEEING.
  1438 | D:2      | 1438 ||| FLEEEEING.
  1439 | D:2      | 1439 ||| FLEEEEING.
  1440 | D:2      | 1440 ||| FLEEEEING.
  1441 | D:2      | 1441 ||| FLEEEEING.
  1442 | D:2      | 1442 ||| FLEEEEING.
  1451 | D:2      | 1451 ||| FLEEEEING.
  1452 | D:2      | 1452 ||| FLEEEEING.
  1453 | D:2      | 1453 ||| FLEEEEING.
  1454 | D:2      | 1454 ||| FLEEEEING.
  1455 | D:2      | 1455 ||| FLEEEEING.
  1456 | D:2      | 1456 ||| FLEEEEING.
  1465 | D:2      | 1465 ||| FLEEEEING.
  1466 | D:2      | 1466 ||| FLEEEEING.
  1467 | D:2      | 1467 ||| FLEEEEING.
  1468 | D:2      | 1468 ||| FLEEEEING.
  1469 | D:2      | 1469 ||| FLEEEEING.
  1470 | D:2      | 1470 ||| FLEEEEING.
  1479 | D:2      | 1479 ||| FLEEEEING.
  1480 | D:2      | 1480 ||| FLEEEEING.
  1481 | D:2      | 1481 ||| FLEEEEING.
  1482 | D:2      | 1482 ||| FLEEEEING.
  1483 | D:2      | 1483 ||| FLEEEEING.
  1484 | D:2      | 1484 ||| FLEEEEING.
  1634 | D:2      | Reached XP level 4. HP: 14/28 MP: 4/4
  1862 | D:2      | 1862 ||| UPGRADING to +0 chain mail.
  1872 | D:2      | 1872 ||| DROPPING +0 scale mail.
  1873 | D:2      | 1873 ||| READING scroll labelled HECZED WOMYGE.
  1959 | D:3      | HP: 5/28 [iguana (5)]
  1964 | D:3      | Reached skill level 4 in Axes
  2384 | D:3      | Reached skill level 1 in Throwing
  2431 | D:3      | Reached XP level 5. HP: 32/32 MP: 5/5
  2452 | D:3      | 2452 ||| DROPPING +0 mace.
  2642 | D:3      | 2642 ||| Stepping ~*~*~tactically~*~*~ (hiding).
  2873 | D:3      | Reached skill level 5 in Axes
  2874 | D:3      | HP: 6/32 [gnoll/+2 flail of protection (5)]
  2875 | D:3      | Slain by a gnoll

Levels and vault maps discovered:
D:1:      nzn_arrival_depleted_hourglass, layout_loops_ring,
          hellmonk_ecumenical_altar_heavens_door, serial_glass, glass_columns_a,
          glass_columns_b, due_unseen_surprise, feat_on_display,
          item_on_display_a, chequers_serial_rivers_small_b, minmay_vboxes
D:2:      layout_rooms, roderic_serpentine_path
D:3:      layout_rooms, cheibrodos_gnoll_hut

Skill      XL: |  1  2  3  4  5 |
---------------+----------------+-----
Axes           | 2 3 4 5 |  5.0
Throwing       | 1 |  1.0
Fighting       | |  3.2
Armour         | |  3.2
Shields        | |  3.2

Action                   |  1- 3 |  4- 6 || total
-------------------------+-------+-------++-------
Melee: War axe           |   103 |    77 ||   180
Throw: Javelin           |     6 |    19 ||    25
  Use: Scroll            |     2 |     1 ||     3
       Potion            |     2 |       ||     2
Armor: Scale mail        |    81 |       ||    81
       Chain mail        |       |    44 ||    44
Dodge: Dodged            |    72 |    32 ||   104
Block: Buckler           |    21 |    16 ||    37

Table legend:
 A = Non-vault XP
 B = Vault XP
 C = Vault XP percentage of total XP
 D = Non-vault monster count
 E = Vault monster count
 F = Vault count percentage of total count
                 A         B        C        D         E       F
            +---------+---------+-------+---------+---------+-------
      Total |     175 |      94 |  34.9 |      53 |       8 |  13.1
            +---------+---------+-------+---------+---------+-------
        D:1 |      19 |       9 |  32.1 |       9 |       6 |  40.0
        D:2 |      56 |       0 |   0.0 |      23 |       0 |   0.0
        D:3 |     100 |      85 |  45.9 |      21 |       2 |   8.7
            +---------+---------+-------+---------+---------+-------
